 Dungeon Crawl Stone Soup version 0.24-a0-699-g5a66b1aa3b (webtiles) character file.

Game seed: 9998627073652890082, levelgen mode: deterministic

37 Newrome1105 the Grasshopper (level 3, 0/30 HPs)
             Began as a Draconian Warper on Sept 29, 2019.
             Slain by an adder (1 damage)
             ... on level 2 of the Dungeon.
             The game lasted 00:08:08 (1320 turns).

Newrome1105 the Grasshopper (Draconian Warper)      Turns: 1320, Time: 00:08:09

Health: 0/30       AC:  5    Str: 13    XL:     3   Next: 23%
Magic:  6/6        EV: 12    Int: 14    God:
Gold:   49         SH:  0    Dex: 10    Spells: 6/6 levels left

rFire    . . .     SeeInvis .   a - +0 mace
rCold    . . .     Gourm    .   (no shield)
rNeg     . . .     Faith    .   (armour unavailable)
rPois    .         Spirit   .   (helmet restricted)
rElec    .         Reflect  .   (no cloak)
rCorr    .         Harm     .   (no gloves)
MR       .....                  (no boots)
Stlth    +.........             (no amulet)
HPRegen  0.10/turn              (no ring)
MPRegen  0.10/turn              (no ring)

@: very slightly contaminated
A: unfitting armour, cold-blooded, AC +5
a: no special abilities


You were on level 2 of the Dungeon.
You were not hungry.

You visited 1 branch of the dungeon, and saw 2 of its levels.

You collected 49 gold pieces.

Inventory:

Hand Weapons
 a - a +0 mace (weapon)
Missiles
 d - 5 boomerangs of dispersal (quivered)
Scrolls
 b - 2 scrolls of enchant weapon {unknown}
 e - 4 scrolls of identify {unknown}
 i - 2 scrolls of magic mapping {unknown}
 m - a scroll of noise {unknown}
 n - a scroll of fear {unknown}
Potions
 g - a potion of brilliance {unknown}
 h - a potion of heal wounds {unknown}
 j - a potion of haste {unknown}
 k - a potion of degeneration {unknown}
Comestibles
 f - 3 rations


   Skills:
 + Level 2.4 Fighting
 + Level 2.6 Maces & Flails
 - Level 1.1 Throwing
 + Level 2.7 Dodging
 * Level 2.1 Spellcasting
   Level 3.0 Translocations


You had 6 spell levels left.
You didn't know any spells.
Your spell library contained the following spells:

 Spells                   Type           Power        Failure   Level  Hunger
 Blink                    Tloc           N/A          11%         2    ###....
 Shroud of Golubria       Chrm/Tloc      #.....       19%         2    ###....
 Gell's Gravitas          Tloc           #.........   21%         3    ###....
 Lesser Beckoning         Tloc           #.........   21%         3    ###....
 Teleport Other           Tloc           #.......     21%         3    ###....
 Passage of Golubria      Tloc           N/A          56%         4    #####..


Dungeon Overview and Level Annotations

Branches:
Dungeon (2/15)

Altars:


Innate Abilities, Weirdness & Mutations

Your plain brown scales are hard. (AC +5)
You cannot fit into any form of body armour.
You are cold-blooded and may be slowed by cold attacks.


Message History

You feel sick.
* * * LOW HITPOINT WARNING * * *
You feel sick.
* * * LOW HITPOINT WARNING * * *
You feel sick.
The adder is too close now for your liking.
* * * LOW HITPOINT WARNING * * *
You feel sick.
You are no longer poisoned.
There is a stone staircase leading down here.
You hit the adder but do no damage. The adder closely misses you. x2
You hit the adder.
The adder is moderately wounded.
The adder closely misses you.
You hit the adder.
The adder is severely wounded.
The adder bites you.
* * * LOW HITPOINT WARNING * * *
The adder bites you.
You die...

#..# #.##......# ##.#
#.#....##.# #.# #.#..#.....
#.# ..#..#..... ##†#
###..##.... ##..# ###
#..####.# #.g.###.##
#.......#
##.###.#.##########.#######
#.##.###S@....[....#
#.###.#.############ #S#
##.## # #.# #.# # #.####.#
### # #......# ##.###
######## ###.#.## #..###..
##.## ##.


You could see an adder.

Vanquished Creatures
  A dart slug (D:2)
  2 giant cockroaches
  6 goblins
  2 hobgoblins
  9 jackals
  3 kobolds
  2 bats (D:2)
  A frilled lizard (D:1)
  6 rats
32 creatures vanquished.

Notes
Turn   | Place    | Note
-------+----------+-------------------------------------------
     0 | D:1      | Newrome1105 the Draconian Warper began the quest for the
                  | Orb.
     0 | D:1      | Reached XP level 1. HP: 17/17 MP: 3/3
   208 | D:1      | Reached skill level 1 in Throwing
   210 | D:1      | Reached XP level 2. HP: 16/24 MP: 5/5
  1010 | D:2      | Reached XP level 3. HP: 18/30 MP: 6/6
  1311 | D:2      | HP: 1/30 [poisoned by an adder]
  1320 | D:2      | HP: 1/30 [adder (1)]
  1320 | D:2      | Slain by an adder

Levels and vault maps discovered:
D:1:      co_arrival_random_square_maze, layout_rooms, minmay_misc_feat_room
D:2:      layout_loops_cross

Skill      XL: |  1 |
---------------+----+-----
Throwing       | 1 |  1.1
Fighting       | |  2.4
Maces & Flails | |  2.6
Dodging        | |  2.7
Spellcasting   | |  2.1
Translocations | |  3.0

Action                   || total
-------------------------++-------
Melee: Mace              ||    86
       Tailslap          ||     9
  Use: Scroll            ||     2
 Stab: Sleeping          ||     1
  Eat: Chunk             ||     1
Armor: Skin              ||    38
Dodge: Dodged            ||    90

Table legend:
 A = Non-vault XP
 B = Vault XP
 C = Vault XP percentage of total XP
 D = Non-vault monster count
 E = Vault monster count
 F = Vault count percentage of total count
                 A         B        C        D         E       F
            +---------+---------+-------+---------+---------+-------
      Total |      54 |       0 |   0.0 |      32 |       0 |   0.0
            +---------+---------+-------+---------+---------+-------
        D:1 |      35 |       0 |   0.0 |      20 |       0 |   0.0
        D:2 |      19 |       0 |   0.0 |      12 |       0 |   0.0
            +---------+---------+-------+---------+---------+-------
